 Dungeon Crawl Stone Soup version 0.31-a0-233-g139696dc86 (webtiles) character file.

Game seed: 5321562127611711052

40 qw the Shooter (level 3, 0/21 HPs)
             Began as a Gargoyle Hexslinger on July 7, 2023.
             Slain by a jackal (2 damage)
             ... on level 2 of the Dungeon.
             The game lasted 00:00:22 (1090 turns).

qw the Shooter (Gargoyle Hexslinger)                Turns: 1090, Time: 00:00:22

Health: 0/21       AC:  8    Str: 11    XL:     3   Next: 50%
Magic:  4/4        EV: 10    Int: 13    God:
Gold:   63         SH:  0    Dex: 14    Spells: 3/4 levels left

rFire   . . .        Y - +1 sling
rCold   . . .        (no shield)
rNeg    + . .        d - +0 ring mail
rPois   inf          (no helmet)
rElec   +            (no cloak)
rCorr   .            (no gloves)
SInv    .            (no boots)
Will    .....        (no amulet)
Stlth   +            (no ring)
HPRegen 0.23/turn    (no ring)
MPRegen 0.09/turn

%: no passive effects
@: no status effects
A: sickness immunity, AC +3, negative energy resistance 1, electricity
resistance, torment resistance 1, petrification resistance
a: no special abilities


You were on level 2 of the Dungeon.
You visited 1 branch of the dungeon, and saw 2 of its levels.

You collected 63 gold pieces.


Innate Abilities, Weirdness & Mutations

You are immune to sickness and miasma.
Your stone body is resilient. (AC +3)
You are immune to poison.
You resist negative energy. (rN+)
You are resistant to electric shocks. (rElec)
You are resistant to unholy torment.
You are immune to petrification.


   Skills:
 - Level 2.0 Fighting
 + Level 3.4 Ranged Weapons
 - Level 1.5 Dodging
 - Level 1.0 Spellcasting
 - Level 2.6 Hexes


You had 3 spell levels left.
You knew the following spells:

 Your Spells              Type           Power      Damage    Failure   Level
a - Slow                  Hex            28%        N/A       22%         1

Your spell library contained the following spells:

 Spells                   Type           Power      Damage    Failure   Level
 Inner Flame              Hex/Fire       4%         N/A       75%         3
 Portal Projectile        Hex/Tloc       8%         N/A       75%         3
 Cause Fear               Hex            3%         N/A       92%         4

Inventory:

Hand Weapons
 Y - a +1 sling (weapon)
Armour
 d - a +0 ring mail (worn)
Potions
 e - a potion of mutation {unknown}

Dungeon Overview and Level Annotations

Branches:
Dungeon (2/15)

Altars:

Shops:
D:1 ![=[


Message History

The ball python constricts you.
There is a stone staircase leading up here.
You shoot a sling bullet.
The sling bullet closely misses the ball python.
The jackal bites you but does no damage. x2
The goblin shoots a sling bullet.
The sling bullet hits you.
The ball python bites you but does no damage.
The ball python barely misses you. The ball python constricts you.
The jackal bites you.
You shoot a sling bullet. The sling bullet hits the ball python.
You kill the ball python!
The jackal bites you but does no damage.
The jackal bites you. The ball python barely misses you.
The ball python grabs you. The ball python constricts you.
The jackal bites you but does no damage. x2
The jackal bites you.
The ball python bites you but does no damage.
The ball python constricts you.
The jackal bites you but does no damage.
You shoot a sling bullet.
The sling bullet closely misses the ball python.
The sling bullet hits the jackal but does no damage.
The jackal bites you but does no damage. x2
The jackal barely misses you. The ball python closely misses you.
The ball python constricts you. The jackal bites you.
The jackal bites you but does no damage.
The jackal bites you.
The jackal bites you but does no damage.
The ball python barely misses you. The ball python constricts you.
You shoot a sling bullet. The sling bullet hits the ball python.
You kill the ball python!
The jackal bites you but does no damage. x2
The jackal bites you.
The jackal bites you but does no damage. x2
The jackal closely misses you. The jackal bites you.
The jackal barely misses you.
The goblin shoots a sling bullet.
The sling bullet hits you but does no damage.
1090 ||| STAIRDANCE The jackal barely misses you.
The jackal bites you.
You die...

# +. .#..
.....####
#......h##
#.....@h#
#....h%h%..>#
+..!.%%g......
#......#......
........+......
....#...#......
....#...# ...##
#.. #...# ...#


You could see 4 jackals and a goblin.

Vanquished Creatures
  A gnoll (D:1)
  A dart slug (D:1)
  5 bats
  An endoplasm (D:1)
  3 goblins (D:1)
  A hobgoblin (D:2)
  4 jackals (D:1)
  2 quokkas (D:1)
  6 ball pythons
  3 frilled lizards (D:1)
  3 rats
30 creatures vanquished.

Notes
Turn   | Place    | Note
-------+----------+-------------------------------------------
     0 | D:1      | qw the Gargoyle Hexslinger began the quest for the Orb.
     0 | D:1      | Reached XP level 1. HP: 12/12 MP: 2/2
     0 | D:1      | 0 ||| qw: Version: 0.3-a-46-gb1f654a
     0 | D:1      | 0 ||| qw: Game counter: 3260
     0 | D:1      | 0 ||| qw: Melee chars always use a shield: true
     0 | D:1      | 0 ||| qw: God list: Okawaru
     0 | D:1      | 0 ||| qw: Allow faded altars: false
     0 | D:1      | 0 ||| qw: Do Orc after clearing Dungeon:15 true
     0 | D:1      | 0 ||| qw: Do second Lair branch before Depths: true
     0 | D:1      | 0 ||| qw: Lair rune preference: random
     0 | D:1      | 0 ||| qw: Goals: Normal
     0 | D:1      | 0 ||| PLANNING D:1-11
    43 | D:1      | Reached XP level 2. HP: 15/16 MP: 3/3
    92 | D:1      | Found Doiluire's Distillery.
    99 | D:1      | 99 ||| SHOPLISTING potion of enlightenment (65 gold, have
                  | 0).
    99 | D:1      | 99 ||| SHOPLISTING potion of haste (130 gold, have 0).
    99 | D:1      | 99 ||| SHOPLISTING potion of heal wounds (65 gold, have 0).
    99 | D:1      | 99 ||| SHOPLISTING potion of resistance (130 gold, have 0).
   220 | D:1      | Reached skill level 3 in Ranged Weapons
   380 | D:1      | Reached XP level 3. HP: 21/21 MP: 4/4
   440 | D:1      | Found Idequam's Jewellery Shoppe.
   449 | D:1      | 449 ||| SHOPLISTING +4 ring of slaying (1092 gold, have
                  | 49).
   449 | D:1      | 449 ||| SHOPLISTING +6 ring of strength (504 gold, have
                  | 49).
   449 | D:1      | 449 ||| SHOPLISTING amulet of the acrobat (420 gold, have
                  | 49).
   449 | D:1      | 449 ||| SHOPLISTING ring of Amugykha {rCorr Str+3} (466
                  | gold, have 49).
   449 | D:1      | 449 ||| SHOPLISTING ring of fire (350 gold, have 49).
   449 | D:1      | 449 ||| SHOPLISTING ring of ice (350 gold, have 49).
   755 | D:1      | Found Senetz's Antique Armour Emporium.
   764 | D:1      | 764 ||| SHOPLISTING cloak (117 gold, have 63).
   961 | D:1      | Found Wiggerhavent's Armour Boutique.
   965 | D:1      | 965 ||| SHOPLISTING +2 cloak "Duotseis" {Harm} (258 gold,
                  | have 63).
   965 | D:1      | 965 ||| SHOPLISTING +3 leather armour of willpower (288
                  | gold, have 63).
  1021 | D:1      | 1021 ||| UPGRADING to +0 ring mail.
  1031 | D:1      | 1031 ||| DROPPING +0 robe.
  1032 | D:1      | 1032 ||| READING scroll labelled QOGIPS SOLU.
  1033 | D:1      | 1033 ||| READING scroll labelled VEPLIDU WAICI.
  1038 | D:1      | 1038 ||| READING scroll labelled WACWOO INTE.
  1039 | D:1      | 1039 ||| DROPPING scroll of poison.
  1068 | D:2      | 1068 ||| STAIRDANCE
  1088 | D:2      | HP: 5/21 [jackal (3)]
  1089 | D:2      | HP: 2/21 [jackal (1)]
  1090 | D:2      | 1090 ||| STAIRDANCE
  1090 | D:2      | Slain by a jackal

Levels and vault maps discovered:
D:1:      co_arrival_random_square_maze, layout_basic, serial_shops,
          nicolae_shop_tiny_statue_garden, nicolae_shop_tiny_waterfront, shop,
          shop
D:2:      layout_basic, serial_shops, shop, nicolae_shop_waterfront,
          nicolae_lakefront_shop, shop

Skill      XL: |  1  2 |
---------------+-------+-----
Ranged Weapons | 3 |  3.4
Fighting       | 2 |  2.0
Dodging        | |  1.5
Spellcasting   | |  1.0
Hexes          | |  2.6

Action                     || total
---------------------------++-------
   Fire: Sling             ||    83
    Use: Scroll            ||     3
 Armour: Robe              ||     8
         Ring mail         ||    19
  Dodge: Dodged            ||    37

Table legend:
 A = Non-vault XP
 B = Vault XP
 C = Vault XP percentage of total XP
 D = Non-vault monster count
 E = Vault monster count
 F = Vault count percentage of total count
                 A         B        C        D         E       F
            +---------+---------+-------+---------+---------+-------
      Total |      58 |       0 |   0.0 |      30 |       0 |   0.0
            +---------+---------+-------+---------+---------+-------
        D:1 |      52 |       0 |   0.0 |      25 |       0 |   0.0
        D:2 |       6 |       0 |   0.0 |       5 |       0 |   0.0
            +---------+---------+-------+---------+---------+-------
